 Dungeon Crawl Stone Soup version 0.17-a0-2109-g117576f (webtiles) character file.

5617 M4edhros the Photosynthesist (level 10, -13/66 HPs)
             Began as an Octopode Artificer on Oct 19, 2015.
             Was an Elder of Fedhas.
             Mangled by Maud
             ... wielding a +0 demon trident of venom
              (27 damage)
             ... on level 10 of the Dungeon.
             The game lasted 00:21:28 (10616 turns).

M4edhros the Photosynthesist (Octopode Artificer)  Turns: 10616, Time: 00:21:29

Health: -13/66     AC:  1    Str: 10      XL:     10   Next: 73%
Magic:  16/16      EV: 19    Int: 13 (15) God:    Fedhas [****..]
Gold:   523        SH: 10    Dex: 16      Spells: 0 memorised, 9 levels left

rFire  . . .     SeeInvis +     t - +2 hunting sling (evade)
rCold  . . .     Clarity  .     n - +0 shield
rNeg   . . .     SustAt   .     (helmet restricted)
rPois  .         Gourm    .     (no amulet)
rElec  .         Spirit   .     o - ring of see invisible
rCorr  .         Warding  .     (no ring)
rMut   .         Stasis   .     (no ring)
MR     .....                    (no ring)
Stlth  ++++......               (no ring)
                                (no ring)
                                (no ring)
                                (no ring)

@: lethally poisoned (-13 -> -32), not resistant to hostile enchantments,
stealthy
A: almost no armour, amphibious, 8 rings, constrict 8, camouflage 1, gelatinous
body 1
a: Evolution, Sunlight, Growth, Reproduction, Renounce Religion


You were on level 10 of the Dungeon.
You worshipped Fedhas.
Fedhas was greatly pleased with you.
You were hungry.

You visited 1 branch of the dungeon, and saw 10 of its levels.

You collected 684 gold pieces.
You spent 161 gold pieces at shops.

Inventory:

Hand Weapons
 t - a +2 hunting sling of evasion (weapon)
 I - a +4 dagger
Missiles
 u - 120 sling bullets (quivered)
 v - 158 stones
Armour
 n - a +0 shield (worn)
Jewellery
 o - a ring of see invisible (left tentacle)
Wands
 a - a wand of frost (24)
 b - a wand of flame (8)
 c - a wand of enslavement (8)
 d - a wand of random effects (0)
 y - a wand of random effects (13)
Scrolls
 f - 3 scrolls of recharging
 g - 8 scrolls of identify
 h - 4 scrolls of remove curse
 m - a scroll of immolation
 q - a scroll of fear
 s - a scroll of blinking
 B - 3 scrolls of magic mapping
 E - 2 scrolls of enchant weapon {unknown}
 G - 2 scrolls of teleportation {unknown}
Potions
 j - 2 potions of might
 p - a potion of invisibility {unknown}
 r - a potion of curing {unknown}
 w - 2 potions of brilliance
 A - a potion of flight {unknown}
 C - a potion of degeneration
 D - a potion of lignification {unknown}
Books
 i - a book of the Warp

   Spells                             Type                      Level
   a - Recall                         Summoning/Translocation      3
   b - Gell's Gravitas                Hexes/Translocation          3
   c - Force Lance                    Conjuration/Translocation    4
   d - Phase Shift                    Translocation                5
   e - Warp Weapon                    Charms/Translocation         5
   f - Summon Forest                  Summoning/Translocation      5
 x - a book of Enchantments

   Spells                             Type                      Level
   a - Cause Fear                     Hexes                        4
   b - Silence                        Hexes/Air                    5
   c - Deflect Missiles               Charms/Air                   6
   d - Haste                          Charms                       6
   e - Discord                        Hexes                        8
 F - a book of Ice

   Spells                             Type                      Level
   a - Ice Form                       Ice/Transmutation            4
   b - Metabolic Englaciation         Hexes/Ice                    5
   c - Ozocubu's Refrigeration        Ice                          6
   d - Bolt of Cold                   Conjuration/Ice              6
   e - Freezing Cloud                 Conjuration/Ice/Air          6
   f - Simulacrum                     Ice/Necromancy               6
 K - a book of Spatial Translocations

   Spells                             Type                      Level
   a - Apportation                    Translocation                1
   b - Blink                          Translocation                2
   c - Shroud of Golubria             Charms/Translocation         2
   d - Portal Projectile              Translocation                3
   e - Teleport Other                 Translocation                3
   f - Passage of Golubria            Translocation                4
 L - a book of Annihilations

   Spells                             Type                      Level
   a - Poison Arrow                   Conjuration/Poison           6
   b - Chain Lightning                Conjuration/Air              8
   c - Lehudib's Crystal Spear        Conjuration/Earth            8
   d - Glaciate                       Conjuration/Ice              9
   e - Fire Storm                     Conjuration/Fire             9
 N - a book of Unlife

   Spells                             Type                      Level
   a - Recall                         Summoning/Translocation      3
   b - Animate Dead                   Necromancy                   4
   c - Control Undead                 Necromancy                   4
   d - Cigotuvi's Embrace             Necromancy                   5
   e - Death Channel                  Necromancy                   6
   f - Simulacrum                     Ice/Necromancy               6
Comestibles
 e - 6 bread rations
 l - a royal jelly
 M - 4 fruits


   Skills:
 + Level 5.2 Fighting
 - Level 1.0 Short Blades
 * Level 7.0 Slings
 + Level 6.2 Dodging
 - Level 4.6 Stealth
 * Level 7.4 Shields
 * Level 8.4 Invocations
 - Level 4.1 Evocations


You had 9 spell levels left.
You didn't know any spells.

Dungeon Overview and Level Annotations

Branches:
Dungeon (10/15)            Temple (0/1) D:4            Lair (0/8) D:8
    Orc (0/4) D:9

Altars:
Ashenzari
Elyvilon
Fedhas
Kikubaaqudgha
Nemelex Xobeh
Trog
Xom
Zin

Shops:
D:4 ![:((

Annotations:
D:10 Maud


Innate Abilities, Weirdness & Mutations

You cannot wear most types of armour.
You are amphibious.
You can wear up to eight rings at the same time.
You can use your tentacles to constrict eight enemies at once.
Your skin changes colour to match your surroundings (Stealth).
Your rubbery body absorbs attacks (AC +1).


Message History

Aim: Maud, wielding a demon trident of venom and wearing a chain mail (severely wounded) Maud resists with almost no effort.
Evoking this partially-identified wand wasted a few charges.
Your skill with magical items lets you calculate the power of this device...
This wand has 14 charges left.
Maud hits you from afar with a demon trident of venom!!
* * * LOW HITPOINT WARNING * * *
You are lethally poisoned!
Evoke which item? (* to show all) (? for menu, Esc to quit)
Zapping:
y - a wand of random effects (14)
Press: ? - help, Shift-Dir - straight line, f/p - Maud
Aim: Maud, wielding a demon trident of venom and wearing a chain mail (severely wounded)
The magic dart hits Maud.
Maud is severely wounded.
This wand has 13 charges left.
* * * LOW HITPOINT WARNING * * *
You feel very sick.
Maud hits you from afar with a demon trident of venom!!
You die...
Fedhas appreciates your contribution to the ecosystem.

#.......######..#
#####.......+....#..#
#...........#....#..#####
####...........#....#.......
#..............#'####.......
#...........................
#..)...........##########...
#......######..# #...
#......#...@#..# #...
#......#....#..# #...
#......#...@#..## #..#
#....ยง.#....#...# #..#
#......#....#...# #..#
#(...@.#....#...#########..#
#...(..#'..##..............#
#...(..[.........#'#####...#
#...(............#.....#...#


You could see Maud.

Vanquished Creatures
  An unseen horror (D:9)
  A hill giant (D:9)
  A hippogriff (D:8)
  A slave (D:6)
  A sky beast (D:8)
  A necrophage (D:7)
  3 orc warriors
  A phantom (D:9)
  5 ogres
  A big kobold (D:8)
  3 giant frogs
  2 centaurs
  A wight (D:8)
  5 killer bees
  A water moccasin skeleton (D:6)
  A scorpion (D:9)
  A crimson imp (D:8)
  2 orc priests
  A jelly (D:9)
  An iguana (D:9)
  2 centaur skeletons
  A giant frog skeleton (D:5)
  8 orc wizards
  6 hounds
  A worker ant (D:4)
  10 adders
  9 gnolls
  A shadow imp (D:8)
  An ooze (D:1)
  2 adder zombies (D:1)
  2 worms (D:3)
  2 adder skeletons
  2 giant geckos
  45 orcs
  3 ball pythons
  6 giant cockroaches
  8 goblins
  5 hobgoblins
  13 jackals
  8 kobolds
  4 quokkas
  5 bats
  4 giant newts
  2 quokka skeletons
  6 rats
190 creatures vanquished.

Vanquished Creatures (collateral kills)
  Pikel (D:6)
  A fire drake (D:8)
  A troll (D:9)
  A two-headed ogre (D:10)
  A spriggan (D:7)
  A wyvern (D:9)
  A hungry ghost (D:9)
  A water moccasin (D:7)
  A sky beast (D:7)
  An ogre (D:8)
  A wandering mushroom (D:10)
  2 orc warriors
  A wasp (D:8)
  2 centaurs
  A giant frog (D:8)
  A gnoll sergeant (D:10)
  A scorpion (D:7)
  2 wights (D:8)
  3 killer bees
  5 orc wizards
  A crimson imp (D:7)
  A hound (D:4)
  3 orc priests
  An iguana (D:8)
  3 worker ants
  2 gnolls (D:5)
  A giant gecko (D:5)
  12 orcs
  A giant cockroach (D:7)
  A goblin (D:3)
  2 quokkas
  A giant newt (D:6)
  2 jackals
  A kobold (D:3)
  A rat (D:3)
62 creatures vanquished.

Vanquished Creatures (others)
  A slave (D:9)
  A killer bee (D:7)
  A hound (D:6)
  An orc wizard (D:9)
  3 orcs (D:9)
  8 wandering mushrooms
  225 toadstools
240 creatures vanquished.

Grand Total: 492 creatures vanquished

Notes
Turn   | Place    | Note
--------------------------------------------------------------
     0 | D:1      | M4edhros the Octopode Artificer began the quest for the Orb.
     0 | D:1      | Reached XP level 1. HP: 13/13 MP: 3/3
    23 | D:1      | Reached XP level 2. HP: 13/18 MP: 4/4
   134 | D:2      | Found a blossoming altar of Fedhas.
   249 | D:2      | Found a sparkling altar of Nemelex Xobeh.
   266 | D:2      | Reached XP level 3. HP: 6/23 MP: 5/5
   572 | D:2      | Became a worshipper of Fedhas Madash
  1034 | D:2      | Reached XP level 4. HP: 25/28 MP: 6/6
  1374 | D:1      | Reached * piety under Fedhas
  1909 | D:3      | Reached skill level 1 in Shields
  2444 | D:3      | Reached XP level 5. HP: 29/34 MP: 7/7
  2555 | D:3      | Reached skill level 1 in Invocations
  2555 | D:3      | Reached skill level 4 in Evocations
  2605 | D:4      | Found an ancient bone altar of Kikubaaqudgha.
  2697 | D:4      | Found Ojezylak's Weapon Shop.
  2705 | D:4      | Bought a +2 hunting sling of flaming for 147 gold pieces
  3460 | D:4      | Found Qapaw's Armour Shop.
  3474 | D:4      | Found a staircase to the Ecumenical Temple.
  3487 | D:4      | Found Wyremn's Distillery.
  3522 | D:4      | Bought a potion of poison for 14 gold pieces
  3654 | D:4      | Found Onwyl's Book Shop.
  3668 | D:4      | Reached XP level 6. HP: 13/39 MP: 9/9
  3861 | D:4      | Found Caickient's Antique Weapon Shoppe.
  4097 | D:5      | Entered Level 5 of the Dungeon
  4152 | D:5      | You fall through a shaft!
  4282 | D:5      | Found a shimmering altar of Xom.
  4309 | D:5      | Reached skill level 1 in Slings
  4334 | D:5      | Reached XP level 7. HP: 43/45 MP: 10/10
  4335 | D:5      | Reached ** piety under Fedhas
  5140 | D:6      | Noticed Pikel
  5149 | D:6      | Killed Pikel
  5272 | D:6      | Reached XP level 8. HP: 51/51 MP: 11/11
  6263 | D:7      | Reached skill level 5 in Invocations
  6573 | D:7      | Reached *** piety under Fedhas
  6599 | D:7      | Found a white marble altar of Elyvilon.
  6710 | D:7      | Reached skill level 5 in Shields
  6710 | D:7      | Reached XP level 9. HP: 46/57 MP: 13/13
  6781 | D:7      | Found a glowing silver altar of Zin.
  7052 | D:7      | Reached skill level 6 in Invocations
  7383 | D:7      | Reached skill level 5 in Slings
  7567 | D:8      | Noticed a cyclops
  7567 | D:8      | Noticed an iron golem
  7569 | D:8      | Noticed an iron golem
  7668 | D:8      | Reached skill level 5 in Dodging
  8026 | D:8      | Noticed a fire drake
  8041 | D:8      | Killed a fire drake
  8109 | D:8      | Found a staircase to the Lair.
  8186 | D:8      | Reached skill level 7 in Invocations
  8249 | D:8      | Found a bloodstained altar of Trog.
  8461 | D:8      | Reached XP level 10. HP: 65/65 MP: 15/15
  8856 | D:9      | Reached **** piety under Fedhas
  8881 | D:9      | Found a staircase to the Orcish Mines.
  8914 | D:9      | Noticed a hill giant
  8927 | D:9      | Killed a hill giant
  9543 | D:9      | Reached skill level 5 in Fighting
  9778 | D:9      | Noticed an unseen horror
  9786 | D:9      | Killed an unseen horror
  9786 | D:9      | Reached skill level 8 in Invocations
  9895 | D:10     | Entered Level 10 of the Dungeon
 10290 | D:10     | Found a shattered altar of Ashenzari.
 10483 | D:10     | Noticed Maud
 10616 | D:10     | Mangled by Maud

Vault maps used:
D:1:      saegor_arrival_fortress, minmay_misc_feat_encased
D:2:      lemuel_crystal_altar, nemelex_deck
D:4:      nicolae_overflow_crystal_walls, minmay_temple_entry_water_ring,
          serial_shops, kennysheep_little_box, nicolae_shop_trees, shop, shop,
          nicolae_shop_waterfront
D:5:      xom_butterflies, first_bread, roderic_lattice_a,
          minmay_misc_feat_pillars
D:6:      uniq_pikel
D:7:      elyvilon_altar_5, lemuel_doored_altar, the_bakery,
          minmay_stone_trees_small
D:8:      cheibrodos_stairvault_heist, lemuel_coloured_pillars_altar,
          minmay_lair_entry_lava, grunt_ministairs_7,
          hangedman_abyss_or_decor_stabs
D:9:      hiddenorc2_lemuel
D:10:     minmay_misc_feat_enclosed, evilmike_ruin_ashenzari, uniq_maud

Action                   |  1- 3 |  4- 6 |  7- 9 | 10-12 || total
-------------------------+-------+-------+-------+-------++-------
Melee: Short sword       |    58 |   106 |       |       ||   164
 Fire: Hunting sling     |       |    43 |   321 |   246 ||   610
Invok: Evolution         |       |     2 |     7 |     1 ||    10
       Sunlight          |       |       |       |     2 ||     2
Evoke: Wand              |       |     6 |    11 |    17 ||    34
  Use: Potion            |       |     2 |     1 |     5 ||     8
       Scroll            |       |       |     9 |     2 ||    11
 Stab: Sleeping          |     4 |    10 |       |       ||    14
       Distracted        |     1 |     1 |       |       ||     2
  Eat: Chunk             |       |     2 |       |       ||     2
       Beef jerky        |       |     1 |       |       ||     1
       Pizza             |       |     2 |       |       ||     2
       Meat ration       |       |     1 |     1 |       ||     2
       Bread ration      |       |       |     2 |     1 ||     3
